 Dungeon Crawl Stone Soup version 0.28.0-53-g5a82cb258f (webtiles) character file.

Game seed: 5482302213162993009

42883 firemarshallily the Fighter (level 14, -4/110 HPs)
             Began as a Djinni Summoner on June 12, 2022.
             Was a High Priest of Uskayaw.
             Slain by a death yak (19 damage)
             ... on level 6 of the Lair of Beasts on June 13, 2022.
             The game lasted 02:06:35 (24745 turns).

firemarshallily the Fighter (Djinni Summoner)      Turns: 24745, Time: 02:06:35

Health: -4/110     AC:  9    Str:  7    XL:     14   Next: 57%
Gold:   2044       EV: 22    Int: 26    God:    Uskayaw [*****.] SH:  8 Dex: 27

rFire   + + .      SeeInvis .   Q - +5 broad axe of Courage {flame, rN+ Will+}
rCold   x . .      Faith    .   x - +1 buckler
rNeg    + . .      Spirit   +   C - +0 robe "Seoqi" {Int+5}
rPois   ∞          Reflect  .   G - +2 hat
rElec   +          Harm     .   l - +1 cloak
rCorr   .          Rampage  .   H - +2 pair of gloves
Will    ++...                   (boots unavailable)
Stlth   +++.......              c - amulet of Vuischucli {Spirit rElec Dex+6}
HPRegen 0.28/turn               a - +4 ring of evasion
MPRegen 0.00/turn               o - +6 ring of dexterity

@: flying
A: sickness immunity, fire resistance 2, cold vulnerability 1, float, innate
caster, HP casting, extra vitality 1
a: Renounce Religion, Stomp, Line Pass, Grand Finale


You were on level 6 of the Lair of Beasts.
You worshipped Uskayaw.
Uskayaw was noncommittal.
You visited 2 branches of the dungeon, and saw 18 of its levels.
You also visited: Ossuary and Gauntlet.

You collected 2393 gold pieces.
You spent 349 gold pieces at shops.

Inventory:

Hand Weapons
 t - the +9 dagger of Vokugufe {vorpal, rN+}
   (You found it on level 5 of the Lair of Beasts)

   It inflicts extra damage upon your enemies.
   rN:        It protects you from negative energy.
 N - a +4 dagger of protection
 Q - the +5 broad axe of Courage (weapon) {flame, rN+ Will+}
   (You found it on level 11 of the Dungeon)

   It burns those it strikes, dealing additional fire damage.
   Big, fiery blades are also staple armaments of hydra-hunters.
   rN:        It protects you from negative energy.
   Will:      It increases your willpower.
 T - the +8 whip "Snakebite" {venom, curare, rPois}
   (You found it on level 1 of the Lair of Beasts)

   It poisons the flesh of those it strikes.
   It occasionally inflicts asphyxiating poison on those it strikes, dealing
   poison damage and causing slowness.
   rPois:     It protects you from poison.
Missiles
 d - 6 javelins
 e - 13 poisoned darts (quivered)
 s - a throwing net
 u - 3 curare-tipped darts
 P - 3 silver javelins
 R - 4 datura-tipped darts
Armour
 l - a +1 cloak (worn)
 x - a +1 buckler (worn)
 C - the +0 robe "Seoqi" (worn) {Int+5}
   (You found it in a Gauntlet)

   Int:       It affects your intelligence (+5).
 G - a +2 hat (worn)
 H - a +2 pair of gloves (worn)
 M - +0 steam dragon scales
 V - a scarf of resistance
Jewellery
 a - a +4 ring of evasion (left hand)
 c - the amulet of Vuischucli (around neck) {Spirit rElec Dex+6}
   (You took it off a minotaur in a Gauntlet)

   [amulet of guardian spirit]

   It causes incoming damage to be divided between your reserves of health and
   magic.
   Dex:       It affects your dexterity (+6).
   rElec:     It insulates you from electricity.
 i - a ring of fire
 o - a +6 ring of dexterity (right hand)
 q - a ring of ice
 D - the amulet of Sicak {Faith rC+}
   (You took it off an orc on level 7 of the Dungeon)

   [amulet of faith]

   It allows you to gain divine favour quickly.
   rC:        It protects you from cold.
Wands
 j - a wand of paralysis (21)
 y - a wand of polymorph (18)
 z - a wand of flame (43)
 B - a wand of iceblast (11)
 E - a wand of acid (9)
Scrolls
 f - a scroll of brand weapon
 m - 8 scrolls of teleportation
 n - 2 scrolls of fog
 p - 4 scrolls of fear
 F - 2 scrolls of magic mapping
 K - 2 scrolls of blinking
Potions
 b - 3 potions of heal wounds
 g - 2 potions of brilliance
 h - 7 potions of curing
 k - a potion of might
 r - 4 potions of mutation
 v - 4 potions of haste
 A - a potion of cancellation
 I - 2 potions of resistance
 J - a potion of lignification {unknown}
 S - a potion of ambrosia
Miscellaneous
 w - a phantom mirror
 O - a box of beasts
 X - a phial of floods


   Skills:
 + Level 13.5 Fighting
 + Level 5.7 Axes
 - Level 6.6 Dodging
 - Level 3.0 Stealth
 - Level 5.0 Shields
 + Level 13.2 Spellcasting
 + Level 0.0 Invocations
 - Level 5.0 Evocations


You had 7 spell levels left.
You knew the following spells:

 Your Spells              Type           Power      Damage    Failure   Level
a - Summon Small Mammal   Summ           100%       N/A       1%          1
b - Call Imp              Summ           72%        N/A       1%          2
c - Call Canine Familiar  Summ           72%        N/A       1%          3
d - Summon Guardian Gole  Hex/Summ       72%        N/A       1%          3
e - Summon Lightning Spi  Summ/Air       72%        N/A       1%          4
f - Foxfire               Conj/Fire      100%       2x1d9     1%          1
g - Searing Ray           Conj           100%       2d8       1%          2
h - Vampiric Draining     Necr           72%        2d11      1%          3
i - Stone Arrow           Conj/Erth      100%       3d13      1%          3
j - Freezing Cloud        Conj/Ice/Air   36%        6-21      1%          5
k - Metabolic Englaciati  Hex/Ice        36%        N/A       1%          5
Your spell library was empty.

Dungeon Overview and Level Annotations

Branches:
Dungeon (12/15)            Temple (0/1) D:6            Lair (6/6) D:8
 Shoals (0/4) Lair:4        Snake (0/4) Lair:3        Slime (0/5) Lair:5
    Orc (0/2) D:10        Ossuary (visited)         Gauntlet (visited)

Altars:
Hepliaklqana
Trog
Uskayaw
Jiyva

Shops:
D:6 (*   D:7 *[=*

Annotations:
D:6 2 transporters, hawla's ghost, novice DEFE
D:12 Urug
Lair:2 item stash
Lair:4 1 runed translucent door


Innate Abilities, Weirdness & Mutations

You are immune to sickness and miasma.
You are immune to poison.
Your flesh is very heat resistant. (rF++)
You are vulnerable to cold. (rC-)
You float through the air rather than walking.
You learn spells naturally, not from books.
Your magical power is your life essence.
You have superior vitality. (+4 MHP)


Message History

The death yak is severely wounded.
Your lightning spire shoots out a bolt of lightning at the death yak!
The bolt of electricity hits the death yak!
Casting: Stone Arrow (safe; 1% risk of failure)
Confirm with . or Enter, or press ? or * to list all spells.
Aiming: Stone Arrow (safe; 1% risk of failure)
Press: ? - help, Shift-Dir - straight line, f/p - death yak
Aim: a death yak (severely wounded, 92% to hit)
The stone arrow hits the death yak!
The death yak is almost dead.
* * * LOW HITPOINT WARNING * * *
The death yak barely misses you.
The death yak gores you but does no damage.
Your lightning spire shoots out a bolt of lightning at the death yak!
The bolt of electricity hits the death yak! x2
You hit the death yak. You burn the death yak.
The death yak is almost dead.
You hit the death yak. You burn the death yak.
You block the death yak's attack. The death yak gores you!
* * * LOW HITPOINT WARNING * * *
Your lightning spire shoots out a bolt of lightning at the death yak!
The bolt of electricity hits the death yak!
The bolt of electricity hits the death yak!!
You can now merge with and destroy a victim.
Okay, then.
You feel much better.
The death yak gores your lightning spire!!
You block the death yak's attack.
Your lightning spire shoots out a bolt of lightning at the death yak!
The bolt of electricity hits the death yak.
You hit the death yak. You burn the death yak.
You kill the death yak!
You hit the death yak but do no damage.
You catch the helpless death yak completely off-guard!
You hit the death yak. You burn the death yak. The death yak barely misses you.
The death yak gores you!!
* * * LOW HITPOINT WARNING * * *
The death yak barely misses your lightning spire.
The death yak gores you!!
You die...

#####.#..######5.........
##.....##.##.........
#......###...........
##.......#............
#.#...................
##....#................
##....#.................
###P..##..................
#P##.P##8@..............#
#.P...#YY.Y...........##
#.P....††..[.........#.
#.#..................
###.##.†.........
#####..........
#.......... #○§§.....[..
#...........


You could see 3 death yaks and a friendly lightning spire (summoned).

Vanquished Creatures
  Gastronok (Lair:3)
  A minotaur (Gauntlet)
  A catoblepas (Lair:5)
  5 death yaks
  A lindwurm (Lair:4)
  6 elephants
  Joseph (D:7)
  2 black mambas
  Maggie (D:6)
  A torpor snail (Lair:4)
  3 cane toads
  A kobold demonologist (D:9)
  3 komodo dragons
  3 blink frogs (Lair:6)
  3 dream sheep (Lair:6)
  A flying skull (Gauntlet)
  13 yaks
  Sigmund (D:6)
  A wraith (D:11)
  A vampire mosquito (D:12)
  2 nagas (Lair:3)
  3 water moccasins
  An orc warrior (D:10)
  An ogre (D:3)
  3 wolves
  2 bullfrogs
  A killer bee (D:7)
  A howler monkey (D:10)
  2 wights
  An electric eel (Lair:5)
  2 centaur zombies (Ossuary)
  2 orc priests
  A centaur skeleton (D:4)
  3 orc wizards
  An ogre zombie (Ossuary)
  A mummy (Ossuary)
  2 gnolls
  An adder zombie (Ossuary)
  5 orcs
  An endoplasm (D:3)
  2 giant cockroaches (D:1)
  2 hobgoblins
  8 kobolds
  4 goblins
  A goblin zombie (Ossuary)
103 creatures vanquished.

Vanquished Creatures (collateral kills)
  4 hydras
  Erolcha (D:11)
  3 two-headed ogres
  An ugly thing (D:11)
  An oklob plant (Lair:3)
  5 elephants
  4 black mambas
  3 cane toads
  A centaur zombie (D:11)
  A gargoyle (D:10)
  3 rime drakes
  Psyche (D:12)
  3 komodo dragons
  A polar bear (Lair:2)
  A hornet (D:9)
  2 dream sheep (Lair:6)
  A blink frog (Lair:6)
  3 flying skulls (Gauntlet)
  2 shadows
  2 centaur simulacra (Gauntlet)
  3 wyverns
  36 yaks
  3 basilisks
  A steam dragon (D:8)
  3 vampire mosquitoes
  Menkaure (Ossuary)
  2 nagas (Lair:3)
  Duvessa (D:7)
  7 water moccasins
  A meliai simulacrum (Gauntlet)
  2 orc warriors (D:9)
  2 ice beasts
  3 black bears
  5 ogres
  2 necrophages
  10 wolves
  2 centaurs
  A gnoll sergeant (D:6)
  4 kobold brigands
  11 bullfrogs
  2 scorpions (D:5)
  A cane toad simulacrum (Gauntlet)
  2 wyvern skeletons (D:5)
  Dowan (D:7)
  A water moccasin skeleton (D:4)
  5 killer bees
  2 troll zombies (Ossuary)
  11 wights
  3 howler monkeys (D:10)
  2 jellies
  3 orc priests (D:9)
  A gnoll shaman (D:7)
  A hound (D:7)
  A bullfrog skeleton (D:5)
  An iguana (D:6)
  11 orc wizards
  A howler monkey zombie (D:9)
  3 mummies
  12 gnolls
  7 adders
  A shadow imp (D:6)
  An ufetubus (D:5)
  An adder zombie (Ossuary)
  An adder skeleton (D:4)
  4 dart slugs
  23 orcs
  3 endoplasms
  2 giant cockroaches
  3 hobgoblins
  4 jackals
  20 kobolds
  5 ball pythons
  5 bats
  3 frilled lizards
  14 goblins
  5 goblin zombies (Ossuary)
  2 hobgoblin zombies (Ossuary)
  5 kobold zombies
  4 orc zombies
  2 quokka zombies (Ossuary)
  6 rat zombies (Ossuary)
328 creatures vanquished.

Vanquished Creatures (others)
  A wolf (Lair:2)
  A wight (D:9)
  3 mummies (Ossuary)
  An orc (D:7)
  27 demonic plants (Gauntlet)
  38 foxfires
  29 fungi
  29 plants
  A withered plant (Gauntlet)
130 creatures vanquished.

Grand Total: 561 creatures vanquished

Notes
Turn   | Place    | Note
-------+----------+-------------------------------------------
     0 | D:1      | firemarshallily the Djinni Summoner began the quest for the
                  | Orb.
     0 | D:1      | Reached XP level 1. HP: 15/15 MP: 0/0
   469 | D:1      | Reached XP level 2. HP: 16/22 MP: 0/0
   686 | D:1      | Reached skill level 1 in Fighting
   951 | D:1      | Reached XP level 3. HP: 23/27 MP: 0/0
   951 | D:1      | Learned a level 1 spell: Foxfire
   954 | D:1      | Found a faded altar of an unknown god.
   984 | D:1      | Prayed at the altar of an unknown god.
   984 | D:1      | Became a worshipper of Uskayaw the Reveller
   984 | D:1      | Reached * piety under Uskayaw
  2642 | D:3      | Reached XP level 4. HP: 29/32 MP: 0/0
  2717 | D:3      | Noticed an ogre
  2726 | D:3      | Killed an ogre
  2727 | D:3      | Reached XP level 5. HP: 24/39 MP: 0/0
  2727 | D:3      | Learned a level 2 spell: Searing Ray
  3345 | D:4      | Reached XP level 6. HP: 16/45 MP: 0/0
  3546 | D:4      | Noticed a necrophage
  3556 | D:4      | Killed a necrophage
  3557 | D:4      | Reached skill level 5 in Spellcasting
  3836 | D:4      | Reached XP level 7. HP: 43/50 MP: 0/0
  3836 | D:4      | Learned a level 3 spell: Vampiric Draining
  3949 | D:4      | Reached ** piety under Uskayaw
  4453 | D:5      | Entered Level 5 of the Dungeon
  4532 | D:5      | Reached XP level 8. HP: 50/58 MP: 0/0
  4886 | D:5      | Reached skill level 5 in Fighting
  5798 | D:6      | Reached XP level 9. HP: 52/66 MP: 0/0
  5798 | D:6      | Learned a level 3 spell: Stone Arrow
  5862 | D:6      | Found Paha's General Store.
  5892 | D:6      | Found a sand-covered staircase.
  5902 | Ossuary  | Entered an ossuary
  6901 | Ossuary  | Noticed Menkaure
  6913 | Ossuary  | Killed Menkaure
  7522 | D:6      | Found a transporter.
  7530 | D:6      | Noticed hawla's ghost (novice DEFE)
  7597 | D:6      | Found a transporter.
  7623 | D:6      | Noticed Sigmund
  7627 | D:6      | Killed Sigmund
  7931 | D:6      | Found Recs's Antique Weapon Shop.
  8011 | D:6      | Found a staircase to the Ecumenical Temple.
  8015 | D:6      | Noticed Maggie
  8030 | D:6      | Killed Maggie
  8031 | D:6      | Reached skill level 1 in Shields
  8031 | D:6      | Reached XP level 10. HP: 48/75 MP: 0/0
  8273 | D:6      | Found a hazy altar of Hepliaklqana.
  8888 | D:7      | Noticed Joseph
  8898 | D:7      | Killed Joseph
  9475 | D:7      | Found Hoit's Armour Boutique.
  9475 | D:7      | Found Ixucusk's General Store.
  9475 | D:7      | Found Nehotaph's Jewellery Boutique.
  9475 | D:7      | Identified the amulet of Sicak {Faith rC+}
  9655 | D:7      | Found Uhaps's Assorted Antiques.
  9675 | D:7      | Bought a +2 hat for 192 gold pieces
  9688 | D:7      | Bought a pair of gloves for 157 gold pieces
 10017 | D:7      | Noticed Duvessa
 10078 | D:7      | Noticed Dowan
 10079 | D:7      | Killed Duvessa
 10088 | D:7      | Killed Dowan
 10828 | D:8      | Found a staircase to the Lair.
 10829 | D:8      | Noticed a komodo dragon
 10846 | D:8      | Killed a komodo dragon
 10927 | D:8      | Noticed a two-headed ogre
 10933 | D:8      | Killed a two-headed ogre
 10934 | D:8      | Reached skill level 5 in Shields
 10955 | D:8      | Reached skill level 10 in Spellcasting
 10955 | D:8      | Reached XP level 11. HP: 65/82 MP: 0/0
 10955 | D:8      | Learned a level 5 spell: Freezing Cloud
 12922 | D:10     | Entered Level 10 of the Dungeon
 13892 | D:10     | Found a staircase to the Orcish Mines.
 14028 | D:11     | Noticed Erolcha
 14047 | D:11     | Found a bloodstained altar of Trog.
 14167 | D:11     | Identified the +5 broad axe of Courage {flame, rN+ Will+}
 14247 | D:11     | Noticed a brown ugly thing
 14277 | D:11     | Killed a brown ugly thing
 14530 | D:11     | Noticed a two-headed ogre
 14541 | D:11     | Killed a two-headed ogre
 14651 | D:11     | Noticed a two-headed ogre
 14664 | D:11     | Killed a two-headed ogre
 14971 | D:11     | Reached skill level 5 in Dodging
 15074 | D:11     | Killed Erolcha
 15075 | D:11     | Reached XP level 12. HP: 79/91 MP: 0/0
 15199 | D:12     | Noticed an eight-headed hydra
 15200 | D:12     | Noticed Urug
 15205 | D:12     | Noticed Psyche
 15215 | D:12     | Reached skill level 10 in Fighting
 15218 | D:12     | Killed Psyche
 15822 | Lair:1   | Entered Level 1 of the Lair of Beasts
 15903 | Lair:1   | Reached skill level 1 in Evocations
 16892 | Lair:1   | Found the +8 whip "Snakebite" {venom, curare, rPois}
 17425 | Lair:2   | Noticed a six-headed hydra
 17428 | Lair:2   | Noticed a four-headed hydra
 17432 | Lair:2   | Killed a six-headed hydra
 17440 | Lair:2   | Killed a four-headed hydra
 17462 | Lair:2   | Identified the +3 trident of Crystal {holy, +Blink rF++
                  | Str+4 Dex-2}
 17645 | Lair:2   | Reached skill level 5 in Evocations
 17650 | Lair:2   | Reached XP level 13. HP: 83/99 MP: 0/0
 17650 | Lair:2   | Learned a level 5 spell: Metabolic Englaciation
 17652 | Lair:2   | Reached *** piety under Uskayaw
 17753 | Lair:2   | Found a gate leading to a gauntlet.
 17761 | Lair:2   | Identified the ring "Cuckoph" {MP+9 Str+3}
 17769 | Gauntlet | Entered a Gauntlet
 17769 | Gauntlet | Found a transporter.
 17864 | Gauntlet | Found a transporter.
 17881 | Gauntlet | Found a transporter.
 17888 | Gauntlet | Noticed a ghost crab
 17889 | Gauntlet | Found a transporter.
 17907 | Gauntlet | Found a transporter.
 17926 | Gauntlet | Found a transporter.
 17951 | Gauntlet | Found a transporter.
 17956 | Gauntlet | Found a transporter.
 17971 | Gauntlet | Found a transporter.
 17972 | Gauntlet | Found the +7 captain's cutlass {speed, disarm}
 17980 | Gauntlet | Found a transporter.
 17998 | Gauntlet | Noticed a green death
 17999 | Gauntlet | Found a transporter.
 18006 | Gauntlet | Found a transporter.
 18021 | Gauntlet | Found a transporter.
 18026 | Gauntlet | Found a transporter.
 18075 | Gauntlet | Found a transporter.
 18077 | Gauntlet | Found a runed translucent gate.
 18077 | Gauntlet | Found a runed translucent gate.
 18077 | Gauntlet | Found a runed translucent gate.
 18078 | Gauntlet | Found a large runed translucent door.
 18078 | Gauntlet | Found a large runed translucent door.
 18078 | Gauntlet | Found a large runed translucent door.
 18079 | Gauntlet | Found a large runed translucent door.
 18084 | Gauntlet | Found a large runed translucent door.
 18084 | Gauntlet | Found a large runed translucent door.
 18085 | Gauntlet | Found a large runed translucent door.
 18085 | Gauntlet | Found a large runed translucent door.
 18089 | Gauntlet | Found a large runed translucent door.
 18089 | Gauntlet | Found a large runed translucent door.
 18089 | Gauntlet | Found a runed translucent door.
 18089 | Gauntlet | Found a runed translucent door.
 18090 | Gauntlet | Found a large runed translucent door.
 18091 | Gauntlet | Found a large runed translucent door.
 18100 | Gauntlet | Found a large runed translucent door.
 18100 | Gauntlet | Found a large runed translucent door.
 18101 | Gauntlet | Found a large runed translucent door.
 18102 | Gauntlet | Found a large runed translucent door.
 18104 | Gauntlet | Found a transporter.
 18104 | Gauntlet | Found a transporter.
 18134 | Gauntlet | Found a transporter.
 19277 | Gauntlet | Identified the +8 demon blade "firemarshallily's Curse"
                  | {drain, Str+7}
 19281 | Gauntlet | Identified the ring "Mitos" {Contam Fly rPois rF+}
 19285 | Gauntlet | Identified the +7 plate armour of Xunlyju {SInv Stlth+}
 19285 | Gauntlet | Identified the amulet of Vuischucli {Spirit rElec Dex+6}
 19285 | Gauntlet | Noticed a minotaur
 19310 | Gauntlet | Killed a minotaur
 19563 | Gauntlet | Identified the +0 robe "Seoqi" {Int+5}
 19695 | Lair:2   | Noticed an eight-headed hydra
 19703 | Lair:2   | Killed an eight-headed hydra
 19855 | Lair:2   | Reached skill level 1 in Axes
 20419 | Lair:2   | Found a bloodstained altar of Trog.
 20652 | Lair:3   | Noticed Gastronok
 21638 | Lair:3   | Found a staircase to the Snake Pit.
 21721 | Lair:3   | Killed Gastronok
 22061 | Lair:4   | Found a runed translucent door.
 22286 | Lair:4   | Found a staircase to the Shoals.
 22417 | Lair:4   | Identified a scroll of acquirement
 22418 | Lair:4   | Acquired 1207 gold pieces
 23296 | Lair:5   | Reached XP level 14. HP: 81/108 MP: 0/0
 23297 | Lair:5   | Reached **** piety under Uskayaw
 23885 | Lair:5   | Found a staircase to the Slime Pits.
 23916 | Lair:5   | Found a viscous altar of Jiyva.
 24033 | Lair:5   | Reached skill level 5 in Axes
 24051 | Lair:5   | Identified the +9 dagger of Vokugufe {vorpal, rN+}
 24393 | Lair:6   | Entered Level 6 of the Lair of Beasts
 24743 | Lair:6   | Reached ***** piety under Uskayaw
 24745 | Lair:6   | Slain by a death yak

Illustrated notes

Levels and vault maps discovered:
D:1:      dpeg_arrival_orchard, layout_rooms, chequers_ecumenical_altar_island
D:2:      layout_basic
D:3:      layout_basic, minmay_ogre_servants
D:4:      layout_rooms
D:5:      layout_basic, minmay_misc_feat_nine_boxes
D:6:      layout_basic, nicolae_hepliaklqana_hippocampus,
          minmay_temple_entry_large_hall, gammafunk_ghost_stat_death,
          nicolae_ossuary_entry_giza, serial_shops,
          nicolae_shop_window_shopping, kennysheep_mini, uniq_sigmund,
          uniq_maggie
D:7:      layout_basic, minmay_shop_grid_forest, uniq_menkaure, uniq_joseph,
          uniq_duvessa
D:8:      layout_basic, david_lair_shrubbed
D:9:      layout_basic, serial_bayou_pond_a, minmay_radiant
D:10:     layout_small_grid, orc_0_dummy, minivault_24
D:11:     layout_loops_cross, kennysheep_cluttered_room, minivault_10,
          bloody_trog, uniq_erolcha
D:12:     layout_rooms, makhleb_altar_promises_db, uniq_kirke, uniq_psyche,
          uniq_urug
Lair:1:   minmay_guarded_unrand_snakebite, layout_misc_corridors,
          bh_autumn_forest_stairs, chequers_serial_rivers_large_b,
          lemuel_fruit_tree
Lair:2:   layout_misc_corridors, basic_altar, gauntlet_entry_generic,
          infiniplex_staircase_pool_2, grunt_megastairs_5
Lair:3:   layout_chaotic_city, minmay_snake_entry_guardpost_medium,
          serial_bayou_shore_b, uniq_gastronok
Lair:4:   dreamdust_labyrinth, layout_cave_pods, shoals_dummy_entry
Lair:5:   layout_cave_pods, slime_altar_1, infiniplex_staircase_pool,
          serial_bayou_shore_b, grunt_megastairs_3
Lair:6:   minmay_lair_end_enchanted_forest, layout_layer_cave

Skill      XL: |  1  2  3  4  5  6  7  8  9 10 11 12 13 14 |
---------------+-------------------------------------------+-----
Fighting       | 1 2 3 4 5 7 8 9 11 12 13 | 13.5
Spellcasting   | 4 5 6 7 8 10 11 12 13 | 13.2
Shields        | 1 5 |  5.0
Dodging        | 5 6 |  6.6
Evocations     | 5 |  5.0
Stealth        | 3 |  3.0
Axes           | 4 5 |  5.7

Action                   |  1- 3 |  4- 6 |  7- 9 | 10-12 | 13-15 || total
-------------------------+-------+-------+-------+-------+-------++-------
Melee: Dagger            |    35 |    14 |   107 |   106 |    31 ||   293
       Unarmed           |     1 |       |       |       |       ||     1
       Punch             |       |       |     2 |       |       ||     2
       Broad axe         |       |       |       |       |    93 ||    93
Throw: Dart              |       |       |       |       |     1 ||     1
 Cast: Summon Small Mamm |    48 |    18 |    90 |   113 |    61 ||   330
       Call Imp          |    15 |     6 |    24 |    51 |    36 ||   132
       Foxfire           |     2 |     3 |     5 |     9 |     4 ||    23
       Call Canine Famil |     2 |     7 |    34 |    52 |    38 ||   133
       Summon Lightning  |       |       |    15 |    73 |    43 ||   131
       Searing Ray       |       |       |     2 |     1 |       ||     3
       Stone Arrow       |       |       |    10 |    15 |    54 ||    79
       Summon Guardian G |       |       |     1 |     3 |     3 ||     7
       Freezing Cloud    |       |       |       |     6 |     4 ||    10
       Metabolic Englaci |       |       |       |       |     2 ||     2
  Use: Scroll            |     3 |     3 |    11 |    11 |     8 ||    36
       Potion            |       |       |     1 |       |     4 ||     5
 Stab: Distracted        |     1 |     2 |     2 |     4 |    12 ||    21
       Sleeping          |       |       |     1 |       |       ||     1
       Paralysed         |       |       |       |       |     2 ||     2
Armor: Robe              |     8 |     7 |    56 |    14 |     6 ||    91
       Steam dragon scal |       |       |       |    38 |    27 ||    65
Dodge: Dodged            |    24 |    10 |    64 |   141 |   137 ||   376
Block: Buckler           |       |       |       |    42 |    64 ||   106
